 Dungeon Crawl Stone Soup version 0.28.0 (webtiles) character file.

Game seed: 14752766701482911137

48 oldriver the Skirmisher (level 3, -2/24 HPs)
             Began as a Gargoyle Fighter on Feb 5, 2022.
             Slain by Menkaure (11 damage)
             ... on level 4 of the Dungeon.
             The game lasted 00:02:19 (2834 turns).

oldriver the Skirmisher (Gargoyle Fighter)          Turns: 2834, Time: 00:02:19

Health: -2/24      AC: 10    Str: 21    XL:     3   Next: 72%
Magic:  3/3        EV:  9    Int:  8    God:
Gold:   73         SH:  4    Dex:  9    Spells: 2/2 levels left

rFire   . . .      SeeInvis .   a - +0 flail
rCold   . . .      Faith    .   c - +0 buckler
rNeg    + . .      Spirit   .   b - +0 scale mail
rPois   ∞          Reflect  .   (no helmet)
rElec   +          Harm     .   (no cloak)
rCorr   .          Rampage  .   (no gloves)
Will    .....                   (no boots)
Stlth   ..........              f - amulet of the acrobat
HPRegen 0.08/turn               (no ring)
MPRegen 0.08/turn               (no ring)

@: no status effects
A: sickness immunity, AC +3, negative energy resistance 1, electricity
resistance, torment resistance 1, petrification resistance
a: no special abilities


You were on level 4 of the Dungeon.
You visited 1 branch of the dungeon, and saw 4 of its levels.

You collected 73 gold pieces.

Inventory:

Hand Weapons
 a - a +0 flail (weapon)
Missiles
 g - 2 poisoned darts
 q - 5 atropa-tipped darts
 r - 24 stones (quivered)
Armour
 b - a +0 scale mail (worn)
 c - a +0 buckler (worn)
Jewellery
 f - an amulet of the acrobat (around neck)
Scrolls
 i - 3 scrolls of identify {unknown}
 j - a scroll of enchant weapon {unknown}
 k - a scroll of holy word {unknown}
 l - 4 scrolls of teleportation {unknown}
 m - 2 scrolls of enchant armour {unknown}
Potions
 d - a potion of might
 e - a potion of attraction {unknown}
 h - a potion of mutation {unknown}
 n - a potion of curing {unknown}
 o - a potion of berserk rage {unknown}
 p - a potion of haste {unknown}
 s - a potion of brilliance {unknown}


   Skills:
 + Level 4.2 Fighting
 + Level 3.1 Maces & Flails
 - Level 3.2 Armour
 - Level 3.2 Shields


You had 2 spell levels left.
You didn't know any spells.
Your spell library was empty.

Dungeon Overview and Level Annotations

Branches:
Dungeon (4/15)
 Temple: D:4-7

Altars:

Shops:
D:3 [

Annotations:
D:2 1 runed translucent door, Crazy Yiuf
D:4 Menkaure


Innate Abilities, Weirdness & Mutations

You are immune to sickness and miasma.
Your stone body is resilient. (AC +3)
You are immune to poison.
You resist negative energy. (rN+)
You are resistant to electric shocks. (rElec)
You are resistant to unholy torment.
You are immune to petrification.


Message History

a +0 short sword; a +0 leather armour You see here a jackal corpse.
There is an open door here.
You close the door.
A gnoll breaks down the door.
A gnoll appears from thin air!
Reactivating autopickup.
The gnoll closely misses you.
There is a stone staircase leading down here.
You climb downwards.
Found a stone staircase leading down.
There is a stone staircase leading up here.
You hit the dart slug but do no damage.
The dart slug bites you but does no damage.
You hit the dart slug.
The dart slug is heavily wounded.
The dart slug bites you but does no damage.
You hit the dart slug.
You kill the dart slug!
No target in view!
You start resting.
You start resting.
HP restored.
Found 14 stones.
Menkaure, Prince of Dust comes into view.
You see here 14 stones.
Menkaure is nearby!
Menkaure is nearby!
Menkaure is nearby!
You start waiting.
Menkaure is nearby!
Menkaure closely misses you.
You hit Menkaure.
Menkaure is lightly damaged.
Menkaure hits you!
Ouch! That really hurt!
You barely miss Menkaure.
Menkaure is lightly damaged.
Menkaure hits you!
You die...

#+########
#........#
.....
+........#
....
#....†...#
...
#...>..<.#
.. .
#..###..##
.# .M #
#..###.##.##
#..@.......#
+...M(.....#
#..........#
#+######+###


You could see Menkaure.

Vanquished Creatures
  A gnoll (D:2)
  An adder (D:2)
  2 dart slugs
  3 bats
  A giant cockroach (D:3)
  A goblin (D:2)
  2 hobgoblins (D:2)
  A jackal (D:3)
  3 ball pythons
  A frilled lizard (D:1)
  5 kobolds
  6 rats
27 creatures vanquished.

Vanquished Creatures (others)
  22 plants (D:2)
22 creatures vanquished.

Grand Total: 49 creatures vanquished

Notes
Turn   | Place    | Note
-------+----------+-------------------------------------------
     0 | D:1      | oldriver the Gargoyle Fighter began the quest for the Orb.
     0 | D:1      | Reached XP level 1. HP: 14/14 MP: 1/1
   172 | D:1      | Reached XP level 2. HP: 12/19 MP: 2/2
   838 | D:2      | Reached XP level 3. HP: 24/24 MP: 3/3
   960 | D:2      | Reached skill level 4 in Fighting
  1173 | D:2      | Found a faded altar of an unknown god.
  1252 | D:2      | Found a runed translucent door.
  1253 | D:2      | Noticed Crazy Yiuf
  2422 | D:3      | Found Xoschu's Antique Armour Boutique.
  2823 | D:4      | Noticed Menkaure
  2834 | D:4      | Slain by Menkaure

Illustrated notes

Levels and vault maps discovered:
D:1:      nzn_arrival_crosshair, layout_basic
D:2:      layout_loops_ring, chequers_ecumenical_altar_simple_redux,
          serial_bayou, serial_bayou_ford_a, serial_bayou_shore_a,
          serial_bayou_shore_b, serial_bayou_lagoon_a, uniq_crazy_yiuf_cottage
D:3:      layout_basic, serial_corexii_hall, corexii_hall_statues_i,
          chequers_hall_statues_wall_a, serial_shops,
          nicolae_shop_advertising_works [nicolae_subvault_shop_adworks]
D:4:      layout_gridville, zin_purify, uniq_blork_the_orc, uniq_menkaure

Skill      XL: |  1  2  3 |
---------------+----------+-----
Fighting       | 4 |  4.2
Maces & Flails | 3 |  3.1
Armour         | |  3.2
Shields        | |  3.2

Action                   || total
-------------------------++-------
Melee: Flail             ||    86
Throw: Stone             ||     3
Armor: Scale mail        ||    38
Dodge: Dodged            ||    59
Block: Buckler           ||    18
